 Dungeon Crawl Stone Soup version 0.21-a0-352-g5b8f553 (webtiles) character file.

1659 Dfrag the Firebug (level 8, -6/52 HPs)
             Began as a Demonspawn Fire Elementalist on Oct 11, 2017.
             Was a Follower of Vehumet.
             Mangled by a sixfirhy (11 damage)
             ... summoned by a kobold demonologist
             ... on level 7 of the Dungeon.
             The game lasted 00:06:33 (4241 turns).

Dfrag the Firebug (Demonspawn Fire Elementalist)    Turns: 4241, Time: 00:06:35

Health: -6/52      AC:  6    Str:  9    XL:     8   Next: 68%
Magic:  8/17       EV: 17    Int: 23    God:    Vehumet [*.....]
Gold:   282        SH:  0    Dex: 13    Spells: 3/19 levels left

rFire    + . .     SeeInvis .   H - +12 quarterstaff of a bazaar {vamp, rF+ Int+4}
rCold    . . .     Gourm    .   (shield currently unavailable)
rNeg     . . .     Faith    .   a - +0 robe
rPois    .         Spirit   .   B - +0 helmet
rElec    .         Reflect  .   (no cloak)
rCorr    .         Harm     .   y - +0 pair of gloves {archery}
MR       .....                  (no boots)
Stlth    ++........             (no amulet)
HPRegen  0.17/turn              d - ring of wizardry
MPRegen  0.15/turn              E - +5 ring of evasion

@: about to teleport
A: hooves 1, iridescent scales 1, powered by death 1, spiny 1
a: Renounce Religion


You were on level 7 of the Dungeon.
You worshipped Vehumet.
Vehumet was aware of your devotion.
You were hungry.

You visited 1 branch of the dungeon, and saw 7 of its levels.

You collected 282 gold pieces.

Inventory:

Hand Weapons
 v - a +2 mace
 H - the +12 quarterstaff of a bazaar (weapon) {vamp, rF+ Int+4}
   (You found it on level 5 of the Dungeon)

   It inflicts no extra harm, but heals its wielder when it wounds a living foe.
   It affects your intelligence (+4).
   It protects you from fire.
 I - a +2 whip of flaming
Armour
 a - a +0 robe (worn)
 w - a +0 pair of gloves
 y - a +0 pair of gloves of archery (worn)
 B - a +0 helmet (worn)
Jewellery
 d - a ring of wizardry (left hand)
 l - an uncursed ring of protection from cold
 A - an uncursed ring of resist corrosion
 E - a +5 ring of evasion (right hand)
Wands
 x - a wand of confusion (20/48)
 D - a wand of random effects (15/48)
 K - a wand of flame (0/48)
 M - a wand of clouds (7/9)
 N - a wand of confusion (11/48)
Scrolls
 f - 4 scrolls of teleportation
 h - 2 scrolls of enchant armour {unknown}
 k - a scroll of enchant weapon {unknown}
 m - 2 scrolls of magic mapping {unknown}
 n - 3 scrolls of amnesia {unknown}
 q - 2 scrolls of noise {unknown}
 s - a scroll of fog {unknown}
 u - 9 scrolls of identify {unknown}
 z - 2 scrolls of remove curse {unknown}
 F - 2 scrolls of fear {unknown}
 G - 2 scrolls of random uselessness {unknown}
 O - a scroll of blinking {unknown}
Potions
 g - 3 potions of agility {unknown}
 i - 3 potions of curing {unknown}
 j - 3 potions of lignification {unknown}
 o - 3 potions of heal wounds {unknown}
 p - a potion of brilliance {unknown}
 r - a potion of berserk rage {unknown}
 C - 2 potions of resistance {unknown}
 J - a potion of degeneration {unknown}
Books
 b - a book of Flames

   Spells                             Type                      Level
   a - Flame Tongue                   Conjuration/Fire             1
   b - Throw Flame                    Conjuration/Fire             2
   c - Conjure Flame                  Conjuration/Fire             3
   d - Inner Flame                    Hexes/Fire                   3
   e - Sticky Flame                   Conjuration/Fire             4
   f - Fireball                       Conjuration/Fire             5
 e - a book of Minor Magic

   Spells                             Type                      Level
   a - Magic Dart                     Conjuration                  1
   b - Blink                          Translocation                2
   c - Call Imp                       Summoning                    2
   d - Slow                           Hexes                        2
   e - Conjure Flame                  Conjuration/Fire             3
   f - Mephitic Cloud                 Conjuration/Poison/Air       3
 t - a book of Callings

   Spells                             Type                      Level
   a - Summon Small Mammal            Summoning                    1
   b - Call Imp                       Summoning                    2
   c - Call Canine Familiar           Summoning                    3
   d - Summon Guardian Golem          Hexes/Summoning              3
   e - Summon Lightning Spire         Summoning/Air                4
   f - Summon Ice Beast               Ice/Summoning                4
 L - a book of Maledictions

   Spells                             Type                      Level
   a - Corona                         Hexes                        1
   b - Ensorcelled Hibernation        Hexes/Ice                    2
   c - Confuse                        Hexes                        3
   d - Tukima's Dance                 Hexes                        3
   e - Dazzling Spray                 Conjuration/Hexes            3
Comestibles
 c - 4 bread rations
 P - a meat ration


   Skills:
 - Level 1.7 Dodging
 - Level 1.7 Stealth
 + Level 6.1 Spellcasting
 + Level 6.4 Conjurations
 + Level 6.4 Fire Magic


You had 3 spell levels left.
You knew the following spells:

 Your Spells              Type           Power        Failure   Level  Hunger
a - Flame Tongue          Conj/Fire      #####        1%          1    None
b - Conjure Flame         Conj/Fire      #####...     1%          3    #......
c - Sticky Flame          Conj/Fire      #####...     2%          4    ###....
d - Fireball              Conj/Fire      #####.....   6%          5    #####..
e - Mephitic Cloud        Conj/Pois/Air  ###.....     4%          3    #......


Dungeon Overview and Level Annotations

Branches:
Dungeon (7/15)
 Temple: D:4-7

Altars:
Makhleb
Ru
Sif Muna
Vehumet
Yredelemnul
Zin

Shops:
D:6 =


Innate Abilities, Weirdness & Mutations

You have large cloven feet.
You are partially covered in iridescent scales. (AC +2)
You regenerate a little health from kills.
You are partially covered in sharp spines.


Message History

The sixfirhy shocks you! The sixfirhy is struck by your spines.
The sixfirhy barely misses you.
Things that are here:
a chunk of flesh; a crocodile skeleton
Q - a chunk of flesh Eat a chunk of flesh? (ye/n/q)
You eat the chunk of flesh.
This raw flesh tastes terrible.
You are feeling hungry.
Unknown command.
Unknown command.
The sixfirhy closely misses you. The sixfirhy hits you.
The sixfirhy shocks you! The sixfirhy is struck by your spines.
The sixfirhy misses you.
As you read the scroll labeled GISAAZX XAOWUT, it crumbles to dust.
You feel strangely unstable.
It was a scroll of teleportation.
The sixfirhy closely misses you. The sixfirhy completely misses you.
The sixfirhy hits you!
* * * LOW HITPOINT WARNING * * *
The sixfirhy shocks you!
You die...

...... ..... .....
...... .....
......#####.....
#............ #....
#...........
.....##.........# #+#
....##........@#... .
............a3#.###
....#....###...[5....#
....#....##..###5###..#
....#....#..##...K.## .
#.#.#......##....5..##
#...#.###.##..####...#
.#..#.# #.#.## ###..#
.#..#.# #.# #.#


You could see a kobold demonologist, a sixfirhy, a worker ant, a quasit, a white
imp and a shadow imp.

Vanquished Creatures
  Pikel (D:4)
  A troll (D:7)
  The ghost of drock42 the Caller, an amateur HOSu of Beogh (D:3)
  A crocodile (D:7)
  A bullfrog (D:5)
  A scorpion (D:4)
  4 killer bees (D:7)
  3 wights (D:4)
  5 crimson imps
  5 worker ants
  4 adders
  An adder zombie (D:6)
  A worm (D:2)
  2 dart slugs
  A leopard gecko (D:5)
  3 orcs (D:6)
  2 ball pythons
  4 giant cockroaches
  3 goblins
  7 hobgoblins
  5 jackals
  3 quokkas
  A ball python skeleton (D:4)
  6 bats
  10 frilled lizards
  7 kobolds
  A quokka skeleton (D:4)
  10 rats
94 creatures vanquished.

Notes
Turn   | Place    | Note
-------+----------+-------------------------------------------
     0 | D:1      | Dfrag the Demonspawn Fire Elementalist began the quest for the Orb.
     0 | D:1      | Reached XP level 1. HP: 13/13 MP: 3/3
   304 | D:1      | Gained mutation: You are partially covered in iridescent scales. (AC +2) [demonic ancestry]
   304 | D:1      | Reached XP level 2. HP: 19/19 MP: 1/5
   995 | D:2      | Reached XP level 3. HP: 5/24 MP: 0/6
  1199 | D:2      | Found a glowing silver altar of Zin.
  1278 | D:2      | Found a basalt altar of Yredelemnul.
  1738 | D:3      | Noticed drock42's ghost (amateur HOSu)
  1796 | D:4      | Gained mutation: You regenerate a little health from kills. [demonic ancestry]
  1796 | D:4      | Reached XP level 4. HP: 26/30 MP: 2/8
  1886 | D:4      | Learned a level 3 spell: Conjure Flame
  1891 | D:4      | Learned a level 4 spell: Sticky Flame
  1952 | D:4      | Gained mutation: You have large cloven feet. [demonic ancestry]
  1952 | D:4      | Reached XP level 5. HP: 34/35 MP: 4/9
  2437 | D:5      | Entered Level 5 of the Dungeon
  2452 | D:5      | Reached XP level 6. HP: 37/41 MP: 6/11
  2608 | D:5      | Found a sacrificial altar of Ru.
  2654 | D:5      | Noticed a slave
  2663 | D:5      | Noticed a slave
  2664 | D:5      | Noticed a slave
  2719 | D:5      | Noticed a slave
  2722 | D:5      | Noticed Pikel
  2722 | D:5      | Got a warped quarterstaff
  2766 | D:4      | Killed Pikel
  2766 | D:4      | Reached skill level 5 in Spellcasting
  2766 | D:4      | Reached skill level 5 in Conjurations
  2766 | D:4      | Reached skill level 5 in Fire Magic
  2766 | D:4      | Reached XP level 7. HP: 16/46 MP: 2/14
  3172 | D:5      | Found a radiant altar of Vehumet.
  3173 | D:5      | Found a burning altar of Makhleb.
  3179 | D:5      | Became a worshipper of Vehumet
  3245 | D:6      | Identified the +12 quarterstaff of a bazaar {vamp, rF+ Int+4} (You found it on level 5 of the Dungeon)
  3258 | D:6      | Gained mutation: You are partially covered in sharp spines. [demonic ancestry]
  3258 | D:6      | Reached XP level 8. HP: 52/52 MP: 11/15
  3374 | D:6      | Found Zuhe's Jewellery Emporium.
  3430 | D:3      | Killed drock42's ghost
  3863 | D:3      | Found a sacrificial altar of Ru.
  3863 | D:3      | Found a deep blue altar of Sif Muna.
  3938 | D:6      | Learned a level 5 spell: Fireball
  3942 | D:6      | Learned a level 3 spell: Mephitic Cloud
  4219 | D:7      | Noticed a troll
  4224 | D:7      | Noticed a kobold demonologist
  4232 | D:7      | Killed a troll
  4232 | D:7      | Reached * piety under Vehumet
  4232 | D:7      | Offered knowledge of Shock by Vehumet.
  4234 | D:7      | Noticed a sixfirhy
  4241 | D:7      | Mangled by a sixfirhy

Vault maps used:
D:1:      dpeg_arrival_solitude
D:2:      yredelemnul_altar_generic, lemuel_doored_altar, serial_glass,
          glass_columns_a, glass_columns_a, item_on_display_a, feat_on_display,
          item_on_display_a, first_bread
D:3:      gammafunk_temple_overflow_elements
D:5:      grunt_temple_overflow_lords_of_destruction, basic_altar, uniq_pikel
D:6:      minmay_temple_entry_trees, serial_shops, shop
D:7:      minmay_the_grid_octo_tiled_octocenter, grunt_dithmenos_shadows,
          grunt_temple_overflow_diamond, serial_shops, shop

Skill      XL: |  1  2  3  4  5  6  7  8 |
---------------+-------------------------+-----
Fire Magic     | 3 4 5 6 |  6.4
Conjurations   | 2 3 5 6 |  6.4
Spellcasting   | 3 5 6 |  6.1
Dodging        | |  1.7
Stealth        | |  1.7

Action                   |  1- 3 |  4- 6 |  7- 9 || total
-------------------------+-------+-------+-------++-------
Melee: Unarmed           |    75 |       |       ||    75
       Mace              |       |    52 |    80 ||   132
       Kick              |       |     9 |    19 ||    28
       Whip              |       |       |     4 ||     4
       Quarterstaff      |       |       |    35 ||    35
 Cast: Flame Tongue      |    62 |    22 |    13 ||    97
       Sticky Flame      |       |    12 |     4 ||    16
  Use: Scroll            |       |       |     1 ||     1
 Stab: Sleeping          |       |     1 |     1 ||     2
  Eat: Chunk             |     3 |     5 |     5 ||    13
       Meat ration       |       |       |     1 ||     1
Armor: Robe              |    40 |    35 |    36 ||   111
Dodge: Dodged            |    78 |    61 |   112 ||   251

Table legend:
 A = Spawn XP
 B = Non-spawn XP
 C = Spawn XP percentage of total XP
 D = Spawn monster count
 E = Non-spawn monster count
 F = Spawn count percentage of total count
 G = Total turns spent on level
                    A         B        C        D         E        F      G
               +---------+---------+-------+---------+---------+-------+---------
         Total |       0 |    2370 |   0.0 |       0 |      94 |   0.0 |  4241
               +---------+---------+-------+---------+---------+-------+---------
           D:1 |       0 |      20 |   0.0 |       0 |      14 |   0.0 |   906
           D:2 |       0 |      40 |   0.0 |       0 |      15 |   0.0 |   656
           D:3 |       0 |     256 |   0.0 |       0 |      25 |   0.0 |   680
           D:4 |       0 |     925 |   0.0 |       0 |      13 |   0.0 |   772
           D:5 |       0 |     385 |   0.0 |       0 |      12 |   0.0 |   744
           D:6 |       0 |     103 |   0.0 |       0 |       9 |   0.0 |   379
           D:7 |       0 |     641 |   0.0 |       0 |       6 |   0.0 |   104
               +---------+---------+-------+---------+---------+-------+---------
